 Dungeon Sprint DCSS version 0.19-a0-1815-g4007336 (webtiles) character file.

508 wazuzu the Martial Artist (level 7, -5/41 HPs)
             Began as a Vine Stalker Gladiator on Oct 5, 2016.
             Was a Believer of Dithmenos.
             Slain by an eight-headed hydra (7 damage)
             ... in the Dungeon (Sprint IX: "|||||||||||||||||||||||||||||").
             The game lasted 00:03:18 (233 turns).

wazuzu the Martial Artist (Vine Stalker Gladiator)   Turns: 233, Time: 00:03:19

Health: -5/41      AC: 10    Str: 20    XL:     7   Next: 18%
Magic:  0/8        EV: 15    Int:  8    God:    Dithmenos [**....]
Gold:   0          SH:  0    Dex: 20    Spells: 0 memorised, 6 levels left

rFire  . . .     SeeInvis .       - Unarmed
rCold  . . .     Gourm    .     s - +2 ring mail
rNeg   . . .     Faith    .     (no shield)
rPois  .         Spirit   +     b - +0 helmet
rElec  .         Dismiss  .     o - +0 cloak
rCorr  .         Reflect  .     (no gloves)
MR     .....     Harm     .     p - +0 pair of boots
Stlth  +......... NoTele   +    (no amulet)
                                r - +3 ring of dexterity
                                q - +3 ring of strength

@: very slightly contaminated, wreathed by umbra, invisible
A: fangs 2, regeneration 1, magic shield, antimagic bite, no device heal 3, rot
immunity
a: Shadow Step, Renounce Religion


You were in the Dungeon.
You worshipped Dithmenos.
Dithmenos was pleased with you.
You were not hungry.

You visited 1 branch

Inventory:

Armour
 b - a +0 helmet (worn)
 o - a +0 cloak (worn)
 p - a +0 pair of boots (worn)
 s - a +2 ring mail (worn)
Jewellery
 q - a +3 ring of strength (left hand)
 r - a +3 ring of dexterity (right hand)
Wands
 n - a wand of lightning (7/15)
Scrolls
 j - 2 scrolls of blinking
 l - 3 scrolls of remove curse
 m - 2 scrolls of amnesia
Potions
 e - 5 potions of curing
 f - 3 potions of heal wounds
 h - 4 potions of magic
Comestibles
 d - a bread ration
 k - 10 chunks of flesh


   Skills:
 - Level 6.5 Fighting
 - Level 1.7 Throwing
 + Level 0.0 Armour
 - Level 6.3 Dodging
 - Level 11.4 Unarmed Combat


You had 6 spell levels left.
You didn't know any spells.

Dungeon Overview and Level Annotations

Branches:
Dungeon (1/1)

Altars:
Cheibriados
Dithmenos
Elyvilon
Fedhas
Gozag
Hepliaklqana
Kikubaaqudgha
Makhleb
Nemelex Xobeh
Okawaru
Qazlal
Ru
Sif Muna
Trog
Uskayaw
Vehumet
Xom
Yredelemnul
Zin
The Shining One
Beogh
Jiyva
Lugonu


Innate Abilities, Weirdness & Mutations

You have extremely sharp teeth.
Your natural rate of healing is unusually fast.
When hurt, damage is shared between your health and your magic reserves.
Your bite disrupts and absorbs the magic of your enemies.
Potions and wands cannot restore your health.
You are immune to rotting.


Message History

The eight-headed hydra is lightly wounded.
The eight-headed hydra barely misses you.
The eight-headed hydra misses you.
The eight-headed hydra barely misses you.
The eight-headed hydra bites you.
The eight-headed hydra closely misses you.
The eight-headed hydra bites you!
The eight-headed hydra closely misses you.
The eight-headed hydra completely misses you.
You strike the helpless eight-headed hydra from behind!
You hit the eight-headed hydra.
The eight-headed hydra is moderately wounded.
The eight-headed hydra bites you! x2
* * * LOW HITPOINT WARNING * * *
The eight-headed hydra closely misses you.
The eight-headed hydra barely misses you.
The eight-headed hydra bites you.
* * * LOW HITPOINT WARNING * * *
The eight-headed hydra misses you. The eight-headed hydra bites you!
You die...

▓+▓
▓Y▓
▓T▓
▓H▓
▓W▓
▓O▓
▓D▓
▓@▓
▓.▓
▓.▓
▓.▓
▓.▓
▓)▓
▓)▓
▓)▓
▓.▓


You could see an eight-headed hydra, a hippogriff, a yak, a troll, an ogre and a
shadow.

Vanquished Creatures
  An ice beast (D)
  3 ogres (D)
  A centaur (D)
  A scorpion (D)
  A quasit (D)
  An adder (D)
  An orc (D)
  A goblin (D)
  2 jackals (D)
  A ball python (D)
  A bat (D)
  2 rats (D)
16 creatures vanquished.

Notes
Turn   | Place    | Note
-------+----------+-------------------------------------------
     0 | D        | wazuzu the Vine Stalker Gladiator began the quest for the Orb.
     0 | D        | Reached XP level 1. HP: 11/11 MP: 2/2
     8 | D        | Reached skill level 4 in Unarmed Combat
    21 | D        | Noticed a centaur
    28 | D        | Killed a centaur
    28 | D        | Reached skill level 9 in Unarmed Combat
    28 | D        | Reached XP level 2. HP: 15/15 MP: 3/3
    28 | D        | Reached XP level 3. HP: 18/18 MP: 4/4
    28 | D        | Gained mutation: Your natural rate of healing is unusually fast. [Vine Stalker growth]
    28 | D        | Reached XP level 4. HP: 23/23 MP: 5/5
    58 | D        | Found a roughly hewn altar of Beogh.
    58 | D        | Found a snail-covered altar of Cheibriados.
    58 | D        | Found a shadowy altar of Dithmenos.
    58 | D        | Found a white marble altar of Elyvilon.
    58 | D        | Found a blossoming altar of Fedhas.
    58 | D        | Found an opulent altar of Gozag.
    59 | D        | Found a hazy altar of Hepliaklqana.
    60 | D        | Found a viscous altar of Jiyva.
    61 | D        | Found an ancient bone altar of Kikubaaqudgha.
    62 | D        | Found a corrupted altar of Lugonu.
    63 | D        | Found a burning altar of Makhleb.
    64 | D        | Found a sparkling altar of Nemelex Xobeh.
    65 | D        | Found an iron altar of Okawaru.
    66 | D        | Found a stormy altar of Qazlal.
    67 | D        | Found a sacrificial altar of Ru.
    68 | D        | Found a deep blue altar of Sif Muna.
    69 | D        | Found a bloodstained altar of Trog.
    70 | D        | Found a hide-covered altar of Uskayaw.
    71 | D        | Found a radiant altar of Vehumet.
    72 | D        | Found a shimmering altar of Xom.
    73 | D        | Found a basalt altar of Yredelemnul.
    74 | D        | Found a glowing silver altar of Zin.
    75 | D        | Found a glowing golden altar of the Shining One.
    97 | D        | Became a worshipper of Dithmenos the Shadowed
   166 | D        | Noticed an ogre
   166 | D        | Noticed an ice beast
   166 | D        | Noticed an ogre
   166 | D        | Noticed an ogre
   171 | D        | Killed an ogre
   171 | D        | Reached skill level 10 in Unarmed Combat
   171 | D        | Reached XP level 5. HP: 19/29 MP: 6/6
   179 | D        | Killed an ogre
   179 | D        | Reached XP level 6. HP: 17/34 MP: 5/7
   181 | D        | Reached * piety under Dithmenos
   181 | D        | Reached skill level 5 in Fighting
   181 | D        | Reached skill level 5 in Dodging
   188 | D        | Killed an ice beast
   188 | D        | Reached skill level 11 in Unarmed Combat
   192 | D        | Reached ** piety under Dithmenos
   192 | D        | Reached XP level 7. HP: 24/41 MP: 8/8
   228 | D        | Noticed a yak
   228 | D        | Noticed a troll
   228 | D        | Noticed a hippogriff
   228 | D        | Noticed a shadow
   228 | D        | Noticed an eight-headed hydra
   233 | D        | HP: 2/41 [eight-headed hydra (4)]
   233 | D        | Slain by an eight-headed hydra

Vault maps used:
D:        linesprint

Skill      XL: |  1  2  3  4  5  6 |
---------------+-------------------+-----
Unarmed Combat | 9 10 11 | 11.4
Fighting       | 3 4 6 |  6.5
Dodging        | 3 4 6 |  6.3
Throwing       | |  1.7

Action                   |  1- 3 |  4- 6 |  7- 9 || total
-------------------------+-------+-------+-------++-------
Melee: Unarmed           |    11 |    27 |     3 ||    41
       Bite              |     3 |    11 |     1 ||    15
       Punch             |       |     2 |       ||     2
  Use: Potion            |     1 |     1 |     1 ||     3
 Stab: Invisible         |       |       |     1 ||     1
Armor: Leather armour    |     5 |       |       ||     5
       Ring mail         |       |     1 |     1 ||     2
Dodge: Dodged            |     5 |     5 |     9 ||    19
